 Dungeon Crawl Stone Soup version 0.17-a0-1572-g7a1422d (webtiles) character file.

313 abixa the Cleaver (level 6, -1/51 HPs)
             Began as a Hill Orc Berserker on July 24, 2015.
             Was a Believer of Trog.
             Slain by a rat (2 damage)
             ... summoned by Eustachio
             ... on level 4 of the Dungeon.
             The game lasted 00:06:38 (2671 turns).

abixa the Cleaver (Hill Orc Berserker)              Turns: 2671, Time: 00:06:38

Health: -1/51      AC:  9    Str: 23    XL:     6   Next: 43%
Magic:  6/6        EV:  8    Int:  7    God:    Trog [**....]
Gold:   132        SH:  0    Dex: 12    Spells: 0 memorised, 5 levels left

rFire  + . .     SeeInvis .     a - +0 hand axe
rCold  + . .     Clarity  .     B - +0 chain mail {rC+}
rNeg   . . .     SustAt   .     (no shield)
rPois  .         Gourm    .     x - +0 helmet
rElec  .         Spirit   .     (no cloak)
rCorr  .         Warding  .     (no gloves)
rMut   .         Stasis   .     (no boots)
MR     .....                    (no amulet)
Stlth  ..........               y - ring of protection from fire
                                e - +3 ring of strength

@: exhausted, slowed, very slow, not resistant to hostile enchantments,
extremely unstealthy
A: no striking features
a: Burn Spellbooks, Berserk, Trog's Hand, Renounce Religion


You were on level 4 of the Dungeon.
You worshipped Trog.
Trog was pleased with you.
You were hungry.

You visited 1 branch of the dungeon, and saw 4 of its levels.

You collected 132 gold pieces.

Inventory:

Hand weapons
 a - a +0 hand axe (weapon)
 q - a cursed -2 hunting sling
 z - a +0 trident
Missiles
 d - 177 stones (quivered)
 i - 35 arrows
 k - 45 bolts
 l - 41 sling bullets
 C - 9 silver sling bullets
 D - 11 poisoned needles
Armour
 x - a +0 helmet (worn)
 B - a +0 chain mail of cold resistance (worn)
Jewellery
 b - an uncursed ring of fire
 e - a +3 ring of strength (left hand)
 y - a ring of protection from fire (right hand)
Magical devices
 u - a wand of teleportation (4)
Scrolls
 g - a scroll of random uselessness {unknown}
 h - 6 scrolls of identify {unknown}
 j - 2 scrolls of remove curse {unknown}
 s - a scroll of amnesia {unknown}
 w - a scroll of enchant weapon {unknown}
 A - a scroll of fog {unknown}
Potions
 f - a potion of brilliance {unknown}
 n - 2 potions of curing {unknown}
 r - a potion of invisibility {unknown}
 t - a potion of resistance {unknown}
Comestibles
 c - 4 bread rations
 m - 2 chunks of flesh
 o - a meat ration
 p - a slice of pizza
 v - 5 fruits


   Skills:
 - Level 3.6 Fighting
 + Level 9.2 Axes
 - Level 2.1 Armour
 - Level 1.5 Dodging


You had 5 spell levels left.
You didn't know any spells.

Dungeon Overview and Level Annotations

Branches:
Dungeon (4/15)
 Temple: D:4-7

Altars:
Cheibriados
Ru

Annotations:
D:4 Eustachio


Message History

The crimson imp hits you but does no damage.
The bat hits you but does no damage.
Eustachio casts a spell.
The river rat bites you!
* * * LOW HITPOINT WARNING * * *
The crimson imp hits you but does no damage.
The quasit bites you but does no damage.
The quasit barely misses you.
The quasit claws you but does no damage.
Eustachio calls on the powers of shadow!
The river rat bites you but does no damage.
The quasit bites you but does no damage.
The quasit closely misses you.
The quasit claws you but does no damage.
The crimson imp closely misses you. The bat closely misses you.
The rat bites you but does no damage. The river rat completely misses you.
The river rat bites you.
* * * LOW HITPOINT WARNING * * *
The rat bites you.
You die...

#.........# #.........##
####+##..........#
#..........#..... #.......†..#
.... #.5........# ..
#..5b5.....# #..55rr...?#
#..@r@.....# #..........#
######.####### #....÷......#
#.####.####.# #
#.#.......#.#############
.####.#.#.##.##.#.##<..........
......#.#.#...#.#.############.
............_............# #.


You could see Eustachio, 2 quasits, a crimson imp, 2 river rats, 2 shadow imps,
a bat and a rat.

Vanquished Creatures
  Sigmund (D:2)
  A giant frog skeleton (D:4)
  4 adders
  An ooze (D:2)
  5 worms (D:2)
  A giant gecko (D:2)
  7 orcs
  A giant cockroach (D:2)
  12 goblins
  A hobgoblin (D:1)
  5 jackals
  9 kobolds
  A quokka (D:3)
  6 bats
  3 giant newts
  15 rats
73 creatures vanquished.

Notes
Turn   | Place    | Note
--------------------------------------------------------------
     0 | D:1      | abixa the Hill Orc Berserker began the quest for the Orb.
     0 | D:1      | Reached XP level 1. HP: 19/19 MP: 1/1
    97 | D:1      | Reached XP level 2. HP: 15/26 MP: 2/2
   178 | D:1      | Reached skill level 5 in Axes
   623 | D:2      | Reached XP level 3. HP: 27/31 MP: 3/3
   625 | D:2      | Acquired Trog's second power
   626 | D:2      | Found a snail-covered altar of Cheibriados.
   864 | D:2      | Reached skill level 6 in Axes
  1050 | D:2      | Reached XP level 4. HP: 39/39 MP: 4/4
  1059 | D:2      | Noticed Sigmund
  1087 | D:2      | Killed Sigmund
  1087 | D:2      | Reached skill level 8 in Axes
  1087 | D:2      | Reached XP level 5. HP: 45/45 MP: 5/5
  1087 | D:2      | Reached XP level 6. HP: 51/51 MP: 6/6
  2439 | D:3      | Reached skill level 9 in Axes
  2568 | D:4      | Found a sacrificial altar of Ru.
  2625 | D:4      | Noticed Eustachio
  2671 | D:4      | HP: 1/51 [river rat[Eustachio] (4)]
  2671 | D:4      | Slain by a rat

Vault maps used:
D:1:      minmay_arrival_radiant_lines
D:2:      cheibriados_altar_1, first_bread, uniq_sigmund
D:4:      nicolae_ru_sacrificial_ziggurat, nicolae_overflow_crystal_walls,
          old_standard_altar, serial_shops, kennysheep_mini_moat,
          uniq_eustachio, uniq_crazy_yiuf_cottage, uniq_natasha

Action                   |  1- 3 |  4- 6 || total
-------------------------+-------+-------++-------
Melee: Hand axe          |    94 |   163 ||   257
Invok: Berserk           |       |     2 ||     2
  Eat: Chunk             |       |     7 ||     7
